 Dungeon Crawl Stone Soup version 0.18-a0-1637-g109f206 (webtiles) character file.

31 dohliylev the Sneak (level 3, -1/24 HPs)
             Began as a Vampire Enchanter on Mar 26, 2016.
             Slain by a giant gecko (2 damage)
             ... on level 2 of the Dungeon.
             The game lasted 00:03:11 (719 turns).

dohliylev the Sneak (Vampire Enchanter)              Turns: 719, Time: 00:03:12

Health: -1/24      AC:  3    Str:  7    XL:     3   Next: 7%
Magic:  4/6        EV: 12    Int: 17    God:
Gold:   45         SH:  0    Dex: 15    Spells: 2 memorised, 3 levels left

rFire  . . .     SeeInvis +     a - +1 dagger
rCold  . . .     Gourm    .     b - +1 robe
rNeg   . . .     Faith    .     (no shield)
rPois  .         Spirit   .     (no helmet)
rElec  .         Dismiss  .     (no cloak)
rCorr  .         Reflect  .     (no gloves)
SustAt .         Harm     .     (no boots)
MR     .....                    (no amulet)
Stlth  ++++......               (no ring)
                                (no ring)

@: regenerating quickly, not resistant to hostile enchantments, stealthy
A: fangs 3, see invisible, unbreathing
a: no special abilities


You were on level 2 of the Dungeon.
You were very full.

You visited 1 branch of the dungeon, and saw 2 of its levels.

You collected 45 gold pieces.

Inventory:

Hand Weapons
 a - a +1 dagger (weapon)
 f - a cursed +0 dagger
Missiles
 k - a throwing net (quivered)
Armour
 b - a +1 robe (worn)
 j - a +0 robe
Scrolls
 g - a scroll of teleportation {unknown}
 h - a scroll of immolation {unknown}
 i - a scroll of enchant armour {unknown}
Potions
 d - 3 potions of blood
 e - 2 potions of heal wounds {unknown}
Books
 c - a book of Maledictions

   Spells                             Type                      Level
   a - Corona                         Hexes                        1
   b - Ensorcelled Hibernation        Hexes/Ice                    2
   c - Confuse                        Hexes                        3
   d - Tukima's Dance                 Hexes                        3
   e - Dazzling Spray                 Conjuration/Hexes            3


   Skills:
 + Level 1.4 Short Blades
 - Level 2.2 Dodging
 + Level 6.1 Stealth
 - Level 2.0 Spellcasting
 - Level 4.4 Hexes


You had 3 spell levels left.
You knew the following spells:

 Your Spells              Type           Power        Failure   Level  Hunger
a - Corona                Hex            ###....      3%          1    #......
b - Ensorcelled Hibernat  Hex/Ice        #.....       14%         2    ###....


Dungeon Overview and Level Annotations

Branches:
Dungeon (2/15)

Altars:
Qazlal


Innate Abilities, Weirdness & Mutations

Your natural rate of healing is unusually fast.
You have razor-sharp teeth.
You have supernaturally acute eyesight.
You can survive without breathing.


Message History

The helpless worm fails to defend itself.
You impale the worm!!
You kill the worm!
You have reached level 3!
Your experience leads to an increase in your attributes!
Increase (S)trength, (I)ntelligence, or (D)exterity?
You feel agile.
If you weren't so full, you could now transform into a vampire bat.
You see here a worm corpse.
A giant gecko comes into view.
Found a runed chain mail.
Found 14 poisoned needles.
A bat and a worm come into view.
The bat barely misses you.
You hit the giant gecko.
The giant gecko is severely wounded.
The bat misses you. The worm bites you!
* * * LOW HITPOINT WARNING * * *
The giant gecko bites you.
You die...

#.....#.........#
#.....####.#.##.#
###.######.#.##.#
#.....##.#.....
###########.##.####.#
............#.......
..####.........###.###..
........#.#..#.# . #..
.....b[@.......# #..
...(..lw#........._.....
..####..#....###.....#..
........$..#ยง....#..
####........# #.###
####.###..( .# #.# ####
# #.#


You could see a worm, a giant gecko and a bat.

Vanquished Creatures
  A worm (D:2)
  A dart slug (D:1)
  3 giant geckos
  2 bats (D:1)
  2 giant cockroaches (D:1)
  A goblin (D:1)
  A hobgoblin (D:1)
  4 jackals (D:1)
  A giant newt (D:1)
  3 kobolds (D:1)
  3 rats (D:1)
22 creatures vanquished.

Notes
Turn   | Place    | Note
--------------------------------------------------------------
     0 | D:1      | dohliylev the Vampire Enchanter began the quest for the Orb.
     0 | D:1      | Reached XP level 1. HP: 13/13 MP: 3/3
   126 | D:1      | Reached skill level 5 in Stealth
   196 | D:1      | Reached XP level 2. HP: 19/19 MP: 5/5
   504 | D:1      | Reached skill level 6 in Stealth
   622 | D:1      | You fall through a shaft!
   670 | D:2      | Found a stormy altar of Qazlal.
   699 | D:2      | Learned a level 2 spell: Ensorcelled Hibernation
   703 | D:2      | Reached XP level 3. HP: 8/24 MP: 3/6
   719 | D:2      | HP: 1/24 [worm (10)]
   719 | D:2      | Slain by a giant gecko

Vault maps used:
D:1:      scummos_arrival_checkerplants
D:2:      grunt_qazlal_clouds

Skill      XL: |  1  2 |
---------------+-------+-----
Stealth        | 5 6 |  6.1
Short Blades   | |  1.4
Dodging        | |  2.2
Spellcasting   | |  2.0
Hexes          | |  4.4

Action                   || total
-------------------------++-------
Melee: Dagger            ||    83
 Cast: Corona            ||     2
       Ensorcelled Hiber ||     1
 Stab: Sleeping          ||     6
  Eat: Corpse            ||     8
